 Dungeon Crawl Stone Soup version 0.30-a0-335-ge5acde7520 (webtiles) character file.

Game seed: 6735816155762713026

44 funkygono the Firebug (level 3, -4/19 HPs)
             Began as a Gargoyle Fire Elementalist on Oct 30, 2022.
             Slain by an orc
             ... wielding a +0 flail
              (7 damage)
             ... on level 2 of the Dungeon.
             The game lasted 00:02:52 (2092 turns).

funkygono the Firebug (Gargoyle Fire Elementalist)  Turns: 2092, Time: 00:02:53

Health: -4/19      AC:  5    Str: 11    XL:     3   Next: 60%
Magic:  0/6        EV: 11    Int: 17    God:
Gold:   76         SH:  0    Dex: 10    Spells: 1/7 levels left

rFire   . . .      SeeInvis .    d - +0 whip
rCold   . . .      Faith    .    (no shield)
rNeg    + . .      Spirit   .    a - +0 robe
rPois   ∞          Reflect  .    (no helmet)
rElec   +          Harm     .    (no cloak)
rCorr   .          Rampage  .    (no gloves)
Will    .....                    (no boots)
Stlth   ++........               (no amulet)
HPRegen 0.23/turn                (no ring)
MPRegen 0.10/turn                (no ring)

@: no status effects
A: sickness immunity, AC +3, negative energy resistance 1, electricity
resistance, torment resistance 1, petrification resistance
a: no special abilities


You were on level 2 of the Dungeon.
You visited 1 branch of the dungeon, and saw 3 of its levels.

You collected 76 gold pieces.

Inventory:

Hand Weapons
 d - a +0 whip (weapon)
Armour
 a - a +0 robe (worn)
Jewellery
 l - an amulet of magic regeneration
Scrolls
 c - 4 scrolls of identify {unknown}
 f - 3 scrolls of teleportation {unknown}
 g - a scroll of immolation {unknown}
 i - 3 scrolls of enchant weapon {unknown}
Potions
 b - a potion of magic
 e - 3 potions of cancellation {unknown}
 h - a potion of mutation {unknown}
 j - 3 potions of curing {unknown}
 k - a potion of brilliance {unknown}
 m - a potion of attraction {unknown}


   Skills:
 + Level 1.5 Dodging
 + Level 2.3 Stealth
 * Level 2.6 Spellcasting
 * Level 1.5 Conjurations
 * Level 3.8 Fire Magic


You had one spell level left.
You knew the following spells:

 Your Spells              Type           Power      Damage    Failure   Level
a - Foxfire               Conj/Fire      44%        2x1d6     6%          1
b - Scorch                Fire           30%        2d7       6%          2
c - Kindle Blastsparks    Fire/Tloc/Air  12%        2d11      32%         3

Your spell library contained the following spells:

 Spells                   Type           Power      Damage    Failure   Level
 Inner Flame              Hex/Fire       8%         N/A       26%         3
 Flame Wave               Conj/Fire      11%        2d6       52%         4


Dungeon Overview and Level Annotations

Branches:
Dungeon (3/15)

Altars:

Shops:
D:2 [


Innate Abilities, Weirdness & Mutations

You are immune to sickness and miasma.
Your stone body is resilient. (AC +3)
You are immune to poison.
You resist negative energy. (rN+)
You are resistant to electric shocks. (rElec)
You are resistant to unholy torment.
You are immune to petrification.


Message History

You hear a shout! x2
An orc comes into view. It is wielding a +0 flail.
Casting: Scorch (safe; 6% risk of failure)
Confirm with . or Enter, or press ? or * to list all spells.
Flames lash the orc.
The orc is severely wounded.
The orc's fire resistance burns away.
Casting: Scorch (safe; 6% risk of failure)
Confirm with . or Enter, or press ? or * to list all spells.
You conjure some foxfire!
The orc misses you.
Casting: Foxfire (safe; 6% risk of failure)
Confirm with . or Enter, or press ? or * to list all spells.
Flames lash the orc.
The orc is burned terribly!
You kill the orc!
You hear a shout!
An orc comes into view. It is wielding a +0 flail.
Unknown command.
An orc is nearby!
An orc comes into view. It is wielding a +0 flail.
The orc shouts!
Your foxfire dissipates! x2
A kobold comes into view. It is wielding a +0 whip.
The orc attacks as you move away! The orc hits you with a +0 flail!
The orc attacks as you move away! The orc hits you with a +0 flail.
The orc attacks as you move away! The orc misses you.
Casting: Scorch (safe; 6% risk of failure)
Confirm with . or Enter, or press ? or * to list all spells.
You don't have enough magic to cast this spell.
Unknown command.
There is a stone staircase leading up here.
The orc hits you with a +0 flail!
* * * LOW HITPOINT WARNING * * *
You climb upwards.
There is a stone staircase leading down here.
The orc attacks as you move away! The orc hits you but does no damage.
Casting: Scorch (safe; 6% risk of failure)
Confirm with . or Enter, or press ? or * to list all spells.
You conjure some foxfire!
The orc barely misses you. The orc attacks as you move away!
The orc hits you with a +0 flail!
You die...

#........##....................^.
#........########.......###...###
..#......+......'.......'.'......
..#..#...########.......###......
..#.....................# #......
.........#..............# #...###
.......###..............###...###
.....#.# #.....v.......#.........
.....#.###.....v@..###.#.........
.........#.......o(# #.#.........
...#.#####.........# #.###.......
...#.#.............# #.# #.......
...#.#+##<......[..# #.# #.......
..(#...........#...# #.# #.......
...#...........#...###'###.......
...#..........####...............
...#.....#....####.............##


You could see an orc (ally target).

Vanquished Creatures
  A gnoll (D:3)
  A worm (D:2)
  A dart slug (D:1)
  2 orcs (D:3)
  4 endoplasms
  A giant cockroach (D:2)
  3 hobgoblins (D:1)
  3 ball pythons (D:1)
  5 bats
  A frilled lizard (D:1)
  3 goblins
  2 kobolds
  A rat (D:1)
28 creatures vanquished.

Vanquished Creatures (others)
  71 foxfires
71 creatures vanquished.

Grand Total: 99 creatures vanquished

Notes
Turn   | Place    | Note
-------+----------+-------------------------------------------
     0 | D:1      | funkygono the Gargoyle Fire Elementalist began the quest
                  | for the Orb.
     0 | D:1      | Reached XP level 1. HP: 10/10 MP: 3/3
   268 | D:1      | Reached XP level 2. HP: 12/15 MP: 1/5
   273 | D:1      | Learned a level 2 spell: Scorch
   832 | D:1      | Found a faded altar of an unknown god.
  1246 | D:2      | Found Cuuhunan's Antique Armour Emporium.
  1355 | D:2      | Reached XP level 3. HP: 19/19 MP: 2/6
  1359 | D:2      | Learned a level 3 spell: Kindle Blastsparks
  2092 | D:2      | Slain by an orc

Illustrated notes

Levels and vault maps discovered:
D:1:      minmay_arrival_four_loops, layout_basic,
          nicolae_ecumenical_lake_church
D:2:      layout_basic, serial_shops, shop
D:3:      layout_basic, nicolae_overflow_hidden_temple, serial_shops,
          nicolae_shop_statue_plus, st_stairs_10,
          hangedman_abyss_or_decor_lesser_grid, uniq_crazy_yiuf_cottage

Action                   || total
-------------------------++-------
Melee: Whip              ||     1
 Cast: Foxfire           ||    42
       Scorch            ||     7
Armor: Robe              ||     3
Dodge: Dodged            ||     8

Table legend: (Time is in decaauts)
 A = Elapsed time spent in this place.
 B = Non-inter-level travel time spent in this place.
 C = Inter-level travel time spent in this place.
 D = Time resting spent in this place.
 E = Time spent auto-exploring this place.
 F = Levels seen in this place.
 G = Mean time per level.
                   A        B        C        D        E       F      G
               +--------+--------+--------+--------+--------+-----+--------+
         Total |   2091 |   2024 |     67 |      0 |   1800 |   3 |  697.0 |
       Dungeon |   2091 |   2024 |     67 |      0 |   1800 |   3 |  697.0 |
               +--------+--------+--------+--------+--------+-----+--------+

Top non-repeatable levels by time:
     D:1: 1102 daAuts
     D:2: 771 daAuts
     D:3: 217 daAuts
